 Dungeon Crawl Stone Soup version 0.28.0 (webtiles) character file.

Game seed: 994406859280603596

53 Sanktem7 the Covered (level 3, -2/34 HPs)
             Began as a Minotaur Fighter on Feb 10, 2022.
             Killed by nerve-wracking pain
             ... invoked by Jessica
              (11 damage)
             ... on level 2 of the Dungeon.
             The game lasted 00:01:32 (980 turns).

Sanktem7 the Covered (Minotaur Fighter)              Turns: 980, Time: 00:01:34

Health: -2/34      AC:  7    Str: 22    XL:     3   Next: 64%
Magic:  2/2        EV:  9    Int:  5    God:
Gold:   55         SH:  4    Dex:  9    Spells: 2/2 levels left

rFire   . . .      SeeInvis .   a - +0 long sword
rCold   . . .      Faith    .   c - +0 buckler
rNeg    . . .      Spirit   .   b - +0 scale mail
rPois   .          Reflect  .   (helmet restricted)
rElec   .          Harm     .   (no cloak)
rCorr   .          Rampage  .   (no gloves)
Will    .....                   (no boots)
Stlth   ..........              (no amulet)
HPRegen 0.11/turn               (no ring)
MPRegen 0.08/turn               (no ring)

@: slowed, very slow
A: horns 2, retaliatory headbutt
a: no special abilities


You were on level 2 of the Dungeon.
You visited 1 branch of the dungeon, and saw 2 of its levels.

You collected 55 gold pieces.

Inventory:

Hand Weapons
 a - a +0 long sword (weapon)
Armour
 b - a +0 scale mail (worn)
 c - a +0 buckler (worn)
Jewellery
 h - a +6 ring of strength
Scrolls
 f - 4 scrolls of identify {unknown}
 g - a scroll of fear {unknown}
 i - a scroll of holy word {unknown}
Potions
 d - a potion of might
 e - a potion of invisibility {unknown}


   Skills:
 * Level 4.3 Fighting
 * Level 3.2 Long Blades
 * Level 4.5 Armour
 + Level 0.2 Stealth
 - Level 3.6 Shields


You had 2 spell levels left.
You didn't know any spells.
Your spell library contained the following spells:

 Spells                   Type           Power      Damage    Failure   Level
 Ensorcelled Hibernation  Hex/Ice        0%         N/A       95%         2
 Spider Form              Tmut/Pois      0%         N/A       99%         3
 Anguish                  Hex/Necr       0%         N/A       100%        4


Dungeon Overview and Level Annotations

Branches:
Dungeon (2/15)

Altars:

Annotations:
D:2 Jessica


Innate Abilities, Weirdness & Mutations

You have a pair of horns on your head.
You reflexively headbutt those who attack you in melee.


Message History

The worm barely misses you.
You slash the worm!
The worm is almost dead.
You block the bat's attack. You block the frilled lizard's attack.
The worm bites you! The frilled lizard bites you. Jessica barely misses you.
The bat hits you.
* * * LOW HITPOINT WARNING * * *
You slash the worm!
You kill the worm!
The bat hits you but does no damage. You block the bat's attack.
The bat hits you but does no damage.
The frilled lizard bites you but does no damage.
Jessica hits you but does no damage. The frilled lizard closely misses you.
Jessica barely misses you. You furiously retaliate!
You headbutt Jessica, but do no damage. You closely miss Jessica.
The bat hits you.
* * * LOW HITPOINT WARNING * * *
The bat barely misses you. x2; You block the frilled lizard's attack.
Jessica casts a spell.
Jessica blinks!
The frilled lizard bites you but does no damage.
Jessica grins evilly.
You closely miss the frilled lizard.
Your headbutt misses the frilled lizard.
The bat hits you but does no damage. x2; You block the bat's attack.
The frilled lizard barely misses you. Jessica casts a spell at you.
You barely resist. The bat closely misses you. You furiously retaliate!
You headbutt the bat!
You kill the bat!
The frilled lizard bites you but does no damage.
Jessica mumbles some strange words.
Jessica seems to speed up.
You hit the frilled lizard.
You kill the frilled lizard!
Jessica casts a spell.
Jessica blinks!
Jessica casts a spell at you. Pain shoots through your body!
You die...

#.# ###########.###
#####........##....
#............##....
######...!..........[...
....>...................
##...§.<...#.###.......
#.....#†.#.#.###.....(.
#...@........'.......
#...†....#.###.......
#...####...@.# #.......
#!## #.#..........### .
...#.#####...... #####.#
........ #.# #.......
#.# #.......


You could see Jessica (fast).

Vanquished Creatures
  An adder (D:2)
  A worm (D:2)
  2 dart slugs (D:1)
  4 endoplasms
  A giant cockroach (D:1)
  3 goblins
  3 hobgoblins (D:1)
  4 jackals (D:1)
  A quokka (D:1)
  5 ball pythons (D:1)
  2 bats
  3 frilled lizards
  4 kobolds
  5 rats
39 creatures vanquished.

Notes
Turn   | Place    | Note
-------+----------+-------------------------------------------
     0 | D:1      | Sanktem7 the Minotaur Fighter began the quest for the Orb.
     0 | D:1      | Reached XP level 1. HP: 19/19 MP: 0/0
   161 | D:1      | Reached XP level 2. HP: 19/27 MP: 1/1
   668 | D:1      | Found a faded altar of an unknown god.
   688 | D:1      | Reached XP level 3. HP: 32/33 MP: 2/2
   965 | D:2      | Noticed Jessica
   980 | D:2      | Killed from afar by Jessica

Illustrated notes

Levels and vault maps discovered:
D:1:      sevenhm_arrival_forest_fort_small_6, layout_basic,
          shapermc_ecumenical_altar_totnotflames, minmay_misc_feat_hallway
D:2:      layout_basic, minmay_tall_x, uniq_jessica

Skill      XL: |  1  2  3 |
---------------+----------+-----
Armour         | 4 |  4.5
Fighting       | 4 |  4.3
Long Blades    | 3 |  3.2
Stealth        | |  0.2
Shields        | |  3.6

Action                   || total
-------------------------++-------
Melee: Long sword        ||    84
       Headbutt          ||     8
Armor: Scale mail        ||    69
Dodge: Dodged            ||    80
Block: Buckler           ||    34
